 Dungeon Crawl Stone Soup version 0.25.1-8-g42b30a86e7 (webtiles) character file.

Game seed: 12069633707540700321

36926 Ejeck the Warrior (level 13, -4/127 HPs)
             Began as a Minotaur Berserker on Oct 22, 2020.
             Was an Elder of Trog.
             Slain by a catoblepas (17 damage)
             ... on level 6 of the Lair of Beasts on Nov 30, 2020.
             The game lasted 00:34:06 (22397 turns).

Ejeck the Warrior (Minotaur Berserker)             Turns: 22397, Time: 00:34:06

Health: -4/127     AC: 20    Str: 22    XL:     13   Next: 55%
Magic:  18/18      EV: 10    Int:  4    God:    Trog [****..]
Gold:   824        SH:  5    Dex: 15    Spells: 12/12 levels left

rFire    . . .     SeeInvis .   E - +2 whip (flame)
rCold    + . .     Gourm    .   (no shield)
rNeg     . . .     Faith    .   D - +1 plate armour {rC+}
rPois    +         Spirit   .   (helmet restricted)
rElec    .         Reflect  +   (no cloak)
rCorr    +         Harm     .   (no gloves)
MR       .....                  L - +1 pair of boots
Stlth    ..........             p - amulet of reflection
HPRegen  0.31/turn              C - ring of poison resistance
MPRegen  0.16/turn              M - ring of resist corrosion

@: no status effects
A: retaliatory headbutt, horns 2
a: Berserk, Trog's Hand, Brothers in Arms, Renounce Religion


You were on level 6 of the Lair of Beasts.
You worshipped Trog.
Trog was greatly pleased with you.
You were hungry.

You visited 2 branches of the dungeon, and saw 16 of its levels.

You collected 824 gold pieces.

Inventory:

Hand Weapons
 E - a +2 whip of flaming (weapon)
Armour
 D - a +1 plate armour of cold resistance (worn)
 L - a +1 pair of boots (worn)
Jewellery
 p - an amulet of reflection (around neck)
 q - an uncursed ring of fire
 C - a ring of poison resistance (left hand)
 M - a ring of resist corrosion (right hand)
 N - an uncursed amulet of the acrobat
 O - an uncursed ring of protection from magic
Wands
 t - a wand of random effects (42)
 u - a wand of enslavement (22)
 J - a wand of paralysis (10)
 K - a wand of acid (10)
 Q - a wand of iceblast (7)
 S - a wand of flame (24)
 T - a wand of polymorph (15)
Scrolls
 a - a scroll of acquirement {unknown}
 b - 2 scrolls of magic mapping {unknown}
 e - 2 scrolls of identify
 f - 11 scrolls of remove curse
 i - 4 scrolls of blinking {unknown}
 m - 4 scrolls of teleportation {unknown}
 o - 4 scrolls of noise {unknown}
 r - 3 scrolls of enchant armour {unknown}
 s - 4 scrolls of fear
 v - 3 scrolls of amnesia {unknown}
 w - 4 scrolls of fog {unknown}
 x - 2 scrolls of enchant weapon {unknown}
 y - 6 scrolls of immolation {unknown}
 z - a scroll of summoning {unknown}
 B - 2 scrolls of random uselessness {unknown}
 G - 2 scrolls of vulnerability {unknown}
 I - a scroll of holy word {unknown}
 V - a scroll of brand weapon {unknown}
Potions
 c - 3 potions of magic
 d - 3 potions of degeneration
 g - 6 potions of haste
 h - 2 potions of might {unknown}
 j - 4 potions of flight
 n - a potion of curing
 A - 2 potions of lignification {unknown}
 F - a potion of brilliance {unknown}
 H - a potion of mutation {unknown}
 P - 2 potions of stabbing {unknown}
 R - a potion of experience {unknown}
Miscellaneous
 l - a lightning rod (4/4)
Comestibles
 k - 15 rations
 U - 6 chunks of flesh


   Skills:
 * Level 15.5 Fighting
 - Level 12.0 Maces & Flails
 * Level 15.4 Armour
 + Level 5.3 Dodging
 + Level 8.7 Evocations


You had 12 spell levels left.
You didn't know any spells.
Your spell library was empty.

Dungeon Overview and Level Annotations

Branches:
Dungeon (10/15)            Temple (0/1) D:4            Lair (6/6) D:10
 Shoals (0/4) Lair:4       Spider (0/4) Lair:3          Orc (0/2) D:10
  Slime: Lair:5-6

Altars:
Ashenzari
Fedhas
Hepliaklqana
Makhleb
Nemelex Xobeh
Qazlal
Ru
Vehumet
Yredelemnul
Zin

Shops:
D:7 *

Annotations:
D:9 2 transporters


Innate Abilities, Weirdness & Mutations

You reflexively headbutt those who attack you in melee.
You have a pair of horns on your head.


Message History

The catoblepas breathes a plume of calcifying dust at you.
The blast of calcifying dust hits you but does no damage.
The catoblepas gores you but does no damage.
You whack the catoblepas! You burn the catoblepas.
The catoblepas is moderately wounded.
The catoblepas gores you but does no damage.
You whack the catoblepas! You burn the catoblepas. You headbutt the catoblepas!
The catoblepas is severely wounded.
You hit the catoblepas but do no damage.
The catoblepas is severely wounded.
The catoblepas gores you!
* * * LOW HITPOINT WARNING * * *
You hit the catoblepas but do no damage.
The catoblepas is severely wounded.
You feel better. The catoblepas gores you!
* * * LOW HITPOINT WARNING * * *
You feel better.
The catoblepas roars fiercely, eyes lowered.
The catoblepas gores you!
You die...

........# ........# ...
#......# ..... ..
.P##......## #.....
..#+...#......#####......
...........................
.....<......................
.
.............Y@............
P. ...(.........§.....†...#


PP. .....................## ...##.#P.#..P.....§.....## P...#.#..#.#..........###
..#.......##........### ...##..÷P###.......## ... ##...##........# ...
#...............# You could see a catoblepas.

Vanquished Creatures
  Harold (D:10)
  2 hydras
  A death yak (Lair:5)
  A two-headed ogre (D:8)
  Pikel (D:8)
  13 elephants
  5 black mambas
  A centaur zombie (D:10)
  8 spiny frogs
  5 komodo dragons
  10 rime drakes
  A troll (D:7)
  4 polar bears
  A hornet (Lair:3)
  2 dream sheep (Lair:6)
  24 blink frogs
  5 hippogriffs
  A spriggan (D:8)
  24 yaks
  3 wyverns
  A hungry ghost (D:9)
  4 basilisks
  11 steam dragons
  11 water moccasins
  6 porcupines
  3 orc warriors (D:10)
  A slave (D:8)
  A black bear (D:10)
  5 ice beasts
  5 ogres
  A necrophage (D:9)
  6 wolves (Lair:5)
  3 centaurs
  9 crocodiles
  Blork the orc (D:5)
  14 bullfrogs
  2 big kobolds
  A gnoll sergeant (D:8)
  6 scorpions
  A wyvern skeleton (D:7)
  An electric eel (Lair:3)
  A crimson imp (D:10)
  4 hounds
  5 orc priests
  A gnoll shaman (D:6)
  2 jellies
  A bullfrog skeleton (D:4)
  2 iguanas
  5 orc wizards
  9 worker ants
  2 hound skeletons
  A worker ant zombie (D:8)
  Robin (D:2)
  11 adders
  10 gnolls
  A shadow imp (D:9)
  An ooze (D:1)
  An adder zombie (D:5)
  3 worms
  6 dart slugs
  8 leopard geckos
  24 orcs
  3 giant cockroaches
  26 goblins
  9 hobgoblins
  7 jackals
  2 quokkas (D:6)
  A ball python (D:1)
  9 bats
  5 frilled lizards
  20 kobolds
  8 rats
395 creatures vanquished.

Vanquished Creatures (collateral kills)
  A torpor snail (Lair:6)
  2 blink frogs (Lair:2)
  A big kobold (D:10)
  A scorpion (D:10)
  3 gnolls (D:6)
  3 kobolds (D:10)
11 creatures vanquished.

Vanquished Creatures (others)
  A kobold (D:8)
  6 bushes
  A butterfly (Lair:3)
  19 fungi
  6 plants
33 creatures vanquished.

Grand Total: 439 creatures vanquished

Notes
Turn   | Place    | Note
-------+----------+-------------------------------------------
     0 | D:1      | Ejeck the Minotaur Berserker began the quest for the Orb.
     0 | D:1      | Reached XP level 1. HP: 19/19 MP: 0/0
     0 | D:1      | Upgraded the game from 0.25.1-2-g60ff931df9 to
                  | 0.25.1-8-g42b30a86e7
   138 | D:1      | Reached XP level 2. HP: 23/26 MP: 1/1
   559 | D:1      | Reached skill level 5 in Maces & Flails
   585 | D:1      | Reached ** piety under Trog
   585 | D:1      | Reached XP level 3. HP: 30/31 MP: 2/2
  1137 | D:2      | Found a glowing silver altar of Zin.
  1226 | D:2      | Found a sacrificial altar of Ru.
  1475 | D:2      | Reached XP level 4. HP: 25/39 MP: 3/3
  1872 | D:2      | Noticed an ogre
  1883 | D:2      | Killed an ogre
  1883 | D:2      | Reached XP level 5. HP: 39/45 MP: 4/4
  2577 | D:2      | Noticed Robin
  2580 | D:2      | Reached *** piety under Trog
  2588 | D:2      | Killed Robin
  3028 | D:3      | Found a radiant altar of Vehumet.
  3300 | D:3      | Reached XP level 6. HP: 41/51 MP: 5/5
  4598 | D:4      | Found a staircase to the Ecumenical Temple.
  4887 | D:5      | Entered Level 5 of the Dungeon
  4950 | D:5      | Reached XP level 7. HP: 48/57 MP: 6/6
  5172 | D:5      | Reached skill level 10 in Maces & Flails
  5664 | D:5      | Found a burning altar of Makhleb.
  5720 | D:5      | Reached **** piety under Trog
  5983 | D:5      | Noticed Blork the orc
  5995 | D:5      | Killed Blork the orc
  5995 | D:5      | Reached XP level 8. HP: 64/64 MP: 7/7
  6815 | D:6      | Reached skill level 1 in Evocations
  7133 | D:6      | Reached skill level 5 in Fighting
  7794 | D:7      | Reached skill level 5 in Armour
  7968 | D:7      | Noticed a troll
  7979 | D:7      | Killed a troll
  7979 | D:7      | Reached XP level 9. HP: 11/77 MP: 9/9
  8423 | D:7      | Found a shattered altar of Ashenzari.
  8428 | D:7      | Found Zedown's Assorted Antiques.
  8776 | D:8      | Noticed a two-headed ogre
  8777 | D:8      | Found a blossoming altar of Fedhas.
  8792 | D:8      | Killed a two-headed ogre
  9166 | D:8      | Found a sparkling altar of Nemelex Xobeh.
  9252 | D:8      | Noticed Pikel
  9272 | D:8      | Killed Pikel
  9272 | D:8      | Reached XP level 10. HP: 90/90 MP: 10/12
  9440 | D:9      | Found a transporter.
  9461 | D:9      | Noticed a cyclops
  9466 | D:9      | Noticed a fire dragon
  9466 | D:9      | Noticed a fire crab
  9534 | D:9      | Found a stormy altar of Qazlal.
  9534 | D:9      | Found a basalt altar of Yredelemnul.
  9535 | D:9      | Found a hazy altar of Hepliaklqana.
  9859 | D:9      | Found a transporter.
  9859 | D:9      | Noticed an elephant
  9861 | D:9      | Found the +8 glaive of the Guard {elec, +Rage AC+5 SInv}
  9861 | D:9      | Noticed a sea snake
  9861 | D:9      | an elephant changed into a sea snake
  9930 | D:9      | Noticed a glowing orange brain
  9930 | D:9      | a sea snake changed into a glowing orange brain
  9939 | D:9      | Noticed an elephant
  9939 | D:9      | a glowing orange brain changed into an elephant
 10497 | D:10     | Entered Level 10 of the Dungeon
 10499 | D:10     | Noticed Harold
 10526 | D:10     | HP: 5/138 [big kobold (2)]
 10527 | D:10     | Killed Harold
 10527 | D:10     | Reached skill level 10 in Fighting
 10532 | D:10     | HP: 5/139 [poisoned by a kobold]
 10537 | D:10     | HP: 3/93 [poisoned by a kobold]
 10967 | D:10     | Reached skill level 5 in Evocations
 10971 | D:10     | Reached skill level 10 in Armour
 11970 | D:10     | Found a staircase to the Lair.
 12201 | D:10     | Found a staircase to the Orcish Mines.
 12353 | Lair:1   | Entered Level 1 of the Lair of Beasts
 12370 | Lair:1   | Noticed a black mamba
 12370 | Lair:1   | Noticed a spiny frog
 12388 | Lair:1   | Killed a black mamba
 12388 | Lair:1   | Reached XP level 11. HP: 53/102 MP: 14/14
 13768 | Lair:1   | You fall into a shaft and drop 1 floor!
 15418 | Lair:2   | Noticed a five-headed hydra
 15424 | Lair:2   | Killed a five-headed hydra
 15424 | Lair:2   | Reached XP level 12. HP: 115/115 MP: 16/16
 17030 | Lair:3   | Found a hole to the Spider Nest.
 17291 | Lair:3   | Reached ***** piety under Trog
 18850 | Lair:4   | Found a staircase to the Shoals.
 18919 | Lair:4   | Received a gift from Trog
 19401 | Lair:4   | Reached XP level 13. HP: 119/125 MP: 18/18
 19856 | Lair:5   | HP: 1/125 [komodo dragon (11)]
 20593 | Lair:5   | Reached skill level 15 in Fighting
 20806 | Lair:5   | Reached skill level 15 in Armour
 21747 | Lair:6   | Entered Level 6 of the Lair of Beasts
 22038 | Lair:6   | Reached skill level 5 in Dodging
 22389 | Lair:6   | HP: 5/127 [catoblepas (3)]
 22394 | Lair:6   | HP: 5/127 [catoblepas (12)]
 22397 | Lair:6   | Slain by a catoblepas

Illustrated notes

Levels and vault maps discovered:
D:1:      nzn_arrival_settlement, layout_loops_ring, glass_columns_a,
          st_stairs_5
D:2:      layout_basic, lemuel_crystal_altar, nicolae_ru_the_path_less_chosen,
          feat_on_display, uniq_robin
D:3:      layout_basic, old_standard_altar
D:4:      layout_cave_pools, minmay_temple_entry_arrows, first_ration
D:5:      layout_basic, kennysheep_mini_moat, uniq_blork_the_orc
D:6:      layout_gridville
D:7:      layout_cave_pools, ashenzari_altar_1,
          nicolae_ossuary_entry_false_entrances, serial_shops, shop_fountains
D:8:      layout_rooms, nemelex_altar_shiori, fedhas_bush_and_centaur_altar,
          the_bakery, uniq_pikel
D:9:      gammafunk_sealed_arena, layout_irregular_city,
          gammafunk_temple_overflow_claw, hangedman_decor_clover_reticule,
          minmay_misc_feat_iff
D:10:     layout_basic, grunt_lair_entry_orc_guard_hut, orc_0_dummy,
          kennysheep_opposing_triangles, uniq_harold
Lair:1:   layout_loops_ring, cheibrodos_lair_caveside_slide, grunt_megastairs_5
Lair:2:   layout_regular_city
Lair:3:   layout_long_grid, spider_nest_entry_web_field, st_stairs_12,
          bobbens_dragon_lair_wall, lemuel_fruit_fields, serial_bayou_shore_a
Lair:4:   beast_lair_carwin_large_2, layout_gridlike, elwin_shoals_entry_rocks
Lair:5:   layout_cave_pods, nicolae_quartered_pool_medium, beast_lair_carwin_7,
          grunt_megastairs_2
Lair:6:   cheibrodos_lair_end_hotspot, layout_regular_city,
          dpeg_slime_entry_enclosed_altar, chequers_serial_rivers_small_a

Skill      XL: |  1  2  3  4  5  6  7  8  9 10 11 12 13 |
---------------+----------------------------------------+-----
Maces & Flails | 4 5 6 7 8 9 11 12 | 12.0
Fighting       | 6 8 11 13 14 15 | 15.5
Armour         | 5 8 10 12 14 15 | 15.4
Evocations     | 2 4 5 6 8 |  8.7
Dodging        | 3 5 |  5.3

Action                   |  1- 3 |  4- 6 |  7- 9 | 10-12 | 13-15 || total
-------------------------+-------+-------+-------+-------+-------++-------
Melee: Mace              |    98 |   164 |   140 |       |       ||   402
       Headbutt          |    14 |    25 |    56 |   260 |   109 ||   464
       Whip              |       |       |   112 |   906 |   341 ||  1359
Invok: Berserk           |       |     1 |     6 |     6 |       ||    13
       Trog's Hand       |       |     1 |     2 |     1 |     3 ||     7
       Brothers in Arms  |       |       |     1 |     4 |     2 ||     7
Evoke: Wand              |       |       |       |     1 |       ||     1
  Use: Scroll            |       |     2 |     2 |    10 |     5 ||    19
       Potion            |       |       |       |     1 |     6 ||     7
 Stab: Sleeping          |       |     1 |       |       |       ||     1
       Paralysed         |       |       |       |     2 |       ||     2
       Distracted        |       |       |       |       |     1 ||     1
  Eat: Ration            |     1 |     1 |     4 |     8 |     2 ||    16
       Chunk             |       |     7 |     5 |    14 |     4 ||    30
Armor: Leather armour    |    10 |     5 |       |       |       ||    15
       Ring mail         |       |     8 |    52 |    38 |       ||    98
       Plate armour      |       |       |       |   295 |   162 ||   457
Dodge: Dodged            |    76 |    94 |   105 |   238 |   104 ||   617
Block: Other             |       |     6 |    34 |   111 |    48 ||   199
       Reflection        |       |       |     1 |     5 |       ||     6
